cohdb
Replays
Latest Replays
All Replays
Popular Replays
Top Player Replays
Match Explorer
How It Works
Community
CoH3 Stats
Reddit
Sign in to upload your games and track your stats! →
Sign in with Steam
Match 39192293
Unlisted
Match 39192293
Overview
Messages
Build Orders
End
Construct Section Command Post
Royal Engineer Section
Vickers Machine Gun Team
Infantry Section
Selects Heavy Armor Battlegroup
Infantry Section
Infantry Section
Vickers Machine Gun Team
Construct Platoon Command Post
Humber Armored Car
Vickers Machine Gun Team
Infantry Section
Unlock M3 Stuart Light Tanks
a.kroder
WadoVice
0
0
Comments
sign in to comment!
No comments posted yet!